 Dungeon Crawl Stone Soup version 0.31.0-4-g52a2dc7128 (webtiles) character file.

Game seed: 783164572096245413

3016 freelancePsychic the Purveyor of Pain (level 9, -2/50 HPs)
             Began as a Vine Stalker Necromancer on Jan 22, 2024.
             Was an Initiate of Kikubaaqudgha.
             Slain by a two-headed ogre
             ... wielding a +0 giant club
              (29 damage)
             ... on level 9 of the Dungeon.
             The game lasted 00:14:16 (7150 turns).

freelancePsychic the Purveyor of Pain (VSNe)        Turns: 7150, Time: 00:14:16

Health: -2/50      AC: 11    Str: 12    XL:     9   Next: 85%
Magic:  0/22       EV: 15    Int: 19    God:    Kikubaaqudgha [......]
Gold:   289        SH:  0    Dex: 14    Spells: 12/24 levels left

rFire   + . .        B - +4 rapier
rCold   . . .        (no shield)
rNeg    . . .        C - +4 ring mail {rF+}
rPois   +            i - +0 helmet
rElec   .            L - +0 cloak
rCorr   .            (no gloves)
SInv    .            (no boots)
Will    +....        (no amulet)
Stlth   +            p - +5 ring of evasion
HPRegen 1.08/turn    m - ring of poison resistance
MPRegen 0.18/turn

%: guardian spirit
@: no status effects
A: fangs 3, regeneration 1, magic shield, antimagic bite, no potion heal 2
a: Renounce Religion


You were on level 9 of the Dungeon.
You worshipped Kikubaaqudgha.
Kikubaaqudgha was noncommittal.
You visited 2 branches of the dungeon, and saw 10 of its levels.
You also visited: Sewer.

You collected 544 gold pieces.
You spent 255 gold pieces at shops.

Inventory:

Hand Weapons
 e - a +0 dagger of freezing
 B - a +4 rapier (weapon)
Armour
 a - a +0 robe
 i - a +0 helmet (worn)
 C - a +4 ring mail of fire resistance (worn)
 D - +0 swamp dragon scales
 H - the +2 pair of gloves of Ru's Hatred {Will- rCorr Int+2}
   (You bought it in a shop on level 6 of the Dungeon)

   Int+2:     It affects your intelligence (+2).
   Will-:     It decreases your willpower.
   rCorr:     It protects you from acid and corrosion.
 L - a +0 cloak (worn)
Magical Staves
 A - a staff of air
Jewellery
 h - a ring of protection from fire
 m - a ring of poison resistance (right hand)
 p - a +5 ring of evasion (left hand)
 K - an amulet of magic regeneration
 M - an amulet of regeneration
Wands
 n - a wand of iceblast (9)
 t - a wand of charming (9)
 u - a wand of mindburst (17)
Scrolls
 c - a scroll of vulnerability
 q - a scroll of immolation
 r - a scroll of poison
 s - 2 scrolls of teleportation {@r4}
 v - a scroll of blinking {unknown}
 x - 2 scrolls of enchant armour
 y - a scroll of brand weapon {unknown}
 z - a scroll of noise {unknown}
 E - a scroll of enchant weapon {unknown}
 F - 4 scrolls of fog {unknown}
 I - a scroll of revelation {unknown}
 J - a scroll of identify {@r1}
Potions
 b - a potion of magic
 d - 2 potions of degeneration
 f - 3 potions of might
 g - 6 potions of curing {@q1}
 j - a potion of heal wounds {@q2}
 k - 3 potions of attraction
 o - a potion of ambrosia
 w - a potion of haste {@q3}
 G - a potion of mutation {unknown}


   Skills:
 + Level 7.0 Fighting
 - Level 1.5 Dodging
 - Level 2.4 Stealth
 + Level 8.0 Spellcasting
 + Level 8.7 Necromancy


You had 12 spell levels left.
You knew the following spells:

 Your Spells              Type           Power      Damage    Failure   Level
a - Necrotise             Necr           100%       1d9       1%          1
b - Dispel Undead         Necr           40%        3d16      6%          4
c - Vampiric Draining     Necr           40%        2d8       1%          3
d - Animate Dead          Necr           40%        N/A       6%          4

Your spell library contained the following spells:

 Spells                   Type           Power      Damage    Failure   Level
 Kiss of Death            Conj/Necr      96%        2d12      3%          1
 Curse of Agony           Necr           40%        N/A       16%         5
 Shock                    Conj/Air       28%        1d4       21%         1
 Slow                     Hex            28%        N/A       21%         1
 Ensorcelled Hibernation  Hex/Ice        14%        N/A       30%         2
 Confusing Touch          Hex            7%         N/A       52%         3
 Hailstorm                Conj/Ice       7%         3d5       52%         3
 Passwall                 Erth           7%         N/A       52%         3
 Sigil of Binding         Hex            7%         N/A       52%         3
 Summon Ice Beast         Ice/Summ       7%         N/A       52%         3
 Swiftness                Air            7%         N/A       52%         3
 Airstrike                Air            3%         2d(1-17)  90%         4
 Sculpt Simulacrum        Ice/Alch       3%         N/A       100%        6


Dungeon Overview and Level Annotations

Branches:
Dungeon (9/15)             Temple (1/1) D:5           Sewer (visited)
   Lair: D:8-11         Orc: D:9-12

Altars:
Ashenzari
Cheibriados
Dithmenos
Elyvilon
Fedhas
Gozag
Hepliaklqana
Kikubaaqudgha
Makhleb
Nemelex Xobeh
Okawaru
Qazlal
Ru
Sif Muna
Trog
Uskayaw
Vehumet
Wu Jian
Xom
Yredelemnul
Zin
The Shining One

Shops:
D:1 *   D:6 [

Annotations:
D:4 Pikel
D:8 2 transporters, exclusion: 2 doors, Tragedy's ghost, novice DrBe


Innate Abilities, Weirdness & Mutations

You have razor-sharp teeth.
Your natural rate of healing is unusually fast.
When hurt, damage is shared between your health and your magic reserves.
Your bite disrupts and absorbs the magic of your enemies.
Potions cannot restore your health.


Message History

You feel invigorated.
The two-headed ogre is moderately wounded.
A kobold comes into view. It is wielding a +0 short sword.
Casting: Necrotise (safe; 1% risk of failure)
Confirm with . or Enter, or press ? or * to list all spells.
Aiming: Vampiric Draining (safe; 1% risk of failure)
Press: ? - help, Shift-Dir - straight line, f/p - two-headed ogre
Aim: a two-headed ogre, wielding two +0 giant clubs (moderately wounded)
You draw life force from the two-headed ogre.
You feel life coursing into your body. The two-headed ogre closely misses you.
The two-headed ogre hits you with a +0 giant club!!
Casting: Vampiric Draining (safe; 1% risk of failure)
Confirm with . or Enter, or press ? or * to list all spells.
Aiming: Vampiric Draining (safe; 1% risk of failure)
Press: ? - help, Shift-Dir - straight line, f/p - two-headed ogre
Aim: a two-headed ogre, wielding two +0 giant clubs (heavily wounded)
You draw life force from the two-headed ogre!
You feel life coursing into your body!
A kobold comes into view. It is wielding a +0 short sword.
The two-headed ogre hits you with a +0 giant club! x2
Casting: Vampiric Draining (safe; 1% risk of failure)
Confirm with . or Enter, or press ? or * to list all spells.
Aiming: Vampiric Draining (safe; 1% risk of failure)
Press: ? - help, Shift-Dir - straight line, f/p - two-headed ogre
Aim: a two-headed ogre, wielding two +0 giant clubs (severely wounded)
You draw life force from the two-headed ogre!
You feel life coursing into your body!
The kobold shouts!
An acid dragon comes into view.
Casting: Vampiric Draining (safe; 1% risk of failure)
Confirm with . or Enter, or press ? or * to list all spells.
You don't have enough magic to cast this spell.
Unknown command.
You hit the two-headed ogre.
You bite the two-headed ogre, but do no damage.
The two-headed ogre is almost dead.
The two-headed ogre hits you with a +0 giant club!!
Ouch! That really hurt!
You die...
Kikubaaqudgha rasps: "You have failed me!
Welcome... death!"

#.........##
..........##
...........(######
...###............
### ###...<......
##.....######
#####.....##
##........##
#@.....####
#KO####### #K.K
..?## D.K.# ....
##. #


You could see a two-headed ogre, an acid dragon, a kobold brigand and 3 kobolds.

Vanquished Creatures
  Maurice (D:7)
  Maggie (D:6)
  A steam dragon (D:8)
  A vampire mosquito (D:8)
  Duvessa (D:6)
  2 water moccasins
  A sky beast (D:8)
  2 orc warriors (D:6)
  A laughing skull (D:8)
  A crocodile (Sewer)
  An ice beast (D:6)
  A centaur (D:6)
  2 kobold brigands (D:8)
  2 bullfrogs
  A scorpion (D:5)
  Dowan (D:6)
  2 howler monkeys (D:8)
  A bombardier beetle (D:6)
  2 hounds (D:5)
  2 jellies
  2 orc priests
  3 iguanas
  2 sleepcaps
  3 orc wizards
  8 adders
  A river rat (D:6)
  2 shadow imps (D:7)
  3 white imps (D:7)
  2 ribbon worms (D:2)
  8 dart slugs
  16 orcs
  A bat (D:1)
  2 endoplasms
  5 giant cockroaches
  5 goblins
  9 hobgoblins
  3 jackals (Sewer)
  17 kobolds
  2 quokkas
  9 ball pythons
  A frilled lizard (D:1)
  4 rats
135 creatures vanquished.

Vanquished Creatures (collateral kills)
  A scorpion (D:5)
  An endoplasm (D:1)
  A goblin (D:2)
  A ball python (D:3)
4 creatures vanquished.

Grand Total: 139 creatures vanquished

Notes
Turn   | Place    | Note
-------+----------+-------------------------------------------
     0 | D:1      | freelancePsychic the Vine Stalker Necromancer began the
                  | quest for the Orb.
     0 | D:1      | Reached XP level 1. HP: 9/9 MP: 4/4
   119 | D:1      | Reached XP level 2. HP: 14/14 MP: 1/6
   256 | D:1      | Reached skill level 1 in Fighting
   304 | D:1      | Reached XP level 3. HP: 18/18 MP: 2/8
   433 | D:1      | Found Jisheef's Assorted Antiques.
   474 | D:1      | Bought a scroll labelled BUFAIT XOFUA for 27 gold pieces
   919 | D:2      | Reached XP level 4. HP: 22/22 MP: 3/9
  1887 | D:3      | Learned a level 3 spell: Vampiric Draining
  2554 | D:4      | Noticed Pikel
  2554 | D:4      | Noticed a lemure
  2554 | D:4      | Noticed a lemure
  2586 | D:4      | Learned a level 4 spell: Dispel Undead
  2683 | D:4      | Reached XP level 5. HP: 26/26 MP: 8/11
  2896 | D:4      | Reached skill level 5 in Necromancy
  2973 | D:5      | Entered Level 5 of the Dungeon
  3002 | D:5      | Reached XP level 6. HP: 29/32 MP: 11/13
  3426 | D:5      | Found a staircase to the Ecumenical Temple.
  3517 | Temple   | Entered the Ecumenical Temple
  3638 | D:5      | Found a shimmering blue altar of Sif Muna.
  4280 | D:6      | Found a glowing drain.
  4284 | D:6      | Reached XP level 7. HP: 36/36 MP: 10/14
  4324 | Sewer    | Entered a sewer
  4572 | D:6      | Noticed Dowan
  4576 | D:6      | Noticed Duvessa
  4590 | D:6      | Killed Duvessa
  4591 | D:6      | Reached skill level 5 in Spellcasting
  4594 | D:6      | Killed Dowan
  4711 | D:6      | Noticed Maggie
  4746 | D:6      | Killed Maggie
  4747 | D:6      | Gained mutation: You have razor-sharp teeth. [Vine Stalker
                  | growth]
  4747 | D:6      | Reached XP level 8. HP: 33/42 MP: 3/17
  5104 | D:6      | Reached skill level 5 in Fighting
  5427 | D:6      | Found Emoju's Antique Armour Boutique.
  5440 | D:6      | Bought a pair of pitted gloves for 228 gold pieces
  5440 | D:6      | Identified the +2 pair of gloves of Ru's Hatred {Will-
                  | rCorr Int+2} (You bought it in a shop on level 6 of the
                  | Dungeon)
  6093 | D:7      | Noticed Maurice
  6130 | D:6      | Reached XP level 9. HP: 46/48 MP: 13/20
  6261 | D:7      | Found a stormy altar of Qazlal.
  6270 | D:7      | Found a white marble altar of Elyvilon.
  6314 | D:7      | Something stole an amulet of magic regeneration
  6323 | D:7      | Killed Maurice
  6540 | D:8      | Found a transporter.
  6545 | D:8      | Found a transporter.
  6549 | D:8      | Noticed Tragedy's ghost (novice DrBe)
  6555 | D:8      | Learned a level 4 spell: Animate Dead
  6686 | D:8      | Found a blossoming altar of Fedhas.
  6689 | D:8      | Found a snail-covered altar of Cheibriados.
  6690 | D:8      | Found a hide-covered altar of Uskayaw.
  6690 | D:8      | Found an opulent altar of Gozag.
  6690 | D:8      | Found a hazy altar of Hepliaklqana.
  6691 | D:8      | Found an ancient bone altar of Kikubaaqudgha.
  6692 | D:8      | Found a bloodstained altar of Trog.
  6693 | D:8      | Found an ornate altar of the Wu Jian Council.
  6706 | D:8      | Became a worshipper of Kikubaaqudgha
  7048 | D:8      | Noticed a centaur warrior
  7051 | D:8      | Noticed a six-headed hydra
  7139 | D:9      | Noticed a two-headed ogre
  7150 | D:9      | Slain by a two-headed ogre

Illustrated notes

Levels and vault maps discovered:
D:1:      dpeg_arrival_refuge, layout_rooms, serial_shops, shop_fountains
D:2:      layout_loops_ring, st_stairs_3, dk_noncrumbling_3,
          minmay_misc_feat_iff
D:3:      layout_basic
D:4:      minmay_wonky_spiral, layout_basic, wad_orctagon, uniq_pikel
D:5:      layout_basic, led_sif_pool, minmay_temple_entry_tees
D:6:      layout_loops_corners, serial_shops, nicolae_shop_advertising_works
          [nicolae_subvault_shop_adworks],
          mainiacjoe_sewer_entry_somewhere_in_here_1, uniq_maggie, uniq_duvessa
D:7:      layout_rooms, mainiacjoe_overflow_swirl, serial_demonic,
          serial_demonic_e, serial_demonic_g, serial_demonic_g,
          serial_demonic_b, uniq_maurice
D:8:      layout_cave_pools, minitemple, gammafunk_ghost_stat_death,
          minmay_evil_grid
D:9:      layout_layer_cave, david_orc_1_choice
Temple:   jpeg_temple_clearing

Skill      XL: |  1  2  3  4  5  6  7  8  9 |
---------------+----------------------------+-----
Fighting       | 1 2 3 4 5 7 |  7.0
Spellcasting   | 3 4 5 6 8 |  8.0
Necromancy     | 5 6 7 8 |  8.7
Dodging        | |  1.5
Stealth        | |  2.4

Action                     |  1- 3 |  4- 6 |  7- 9 || total
---------------------------+-------+-------+-------++-------
  Melee: Unarmed           |     2 |       |       ||     2
         Bite              |    18 |    18 |    79 ||   115
         Dagger            |    68 |    66 |    53 ||   187
         Punch             |     1 |     1 |     3 ||     5
         Rapier            |       |       |   190 ||   190
   Cast: Necrotise         |    32 |    79 |    25 ||   136
         Vampiric Draining |       |     2 |    16 ||    18
         Dispel Undead     |       |       |     3 ||     3
    Use: Scroll            |     1 |     6 |     5 ||    12
         Potion            |       |       |     5 ||     5
   Stab: Sleeping          |     2 |       |     1 ||     3
 Armour: Robe              |    35 |    50 |    23 ||   108
         Ring mail         |       |       |   168 ||   168
  Dodge: Dodged            |    47 |    72 |   223 ||   342
